 Dungeon Crawl Stone Soup version 0.24-a0-375-g4de66ed42b (webtiles) character file.

Game seed: 13175133887373120733

35 Holzbalken the Chiller (level 3, 0/19 HPs)
             Began as a Gargoyle Ice Elementalist on May 31, 2019.
             Slain by Sigmund
             ... wielding a +0 scythe
              (1 damage)
             ... on level 2 of the Dungeon.
             The game lasted 00:05:55 (1244 turns).

Holzbalken the Chiller (Gargoyle Ice Elementalist)  Turns: 1244, Time: 00:05:55

Health: 0/19       AC:  5    Str: 11    XL:     3   Next: 33%
Magic:  5/7        EV: 12    Int: 16    God:
Gold:   27         SH:  0    Dex: 10    Spells: 6/7 levels left

rFire    . . .     SeeInvis .   j - +0 mace
rCold    . . .     Gourm    .   (no shield)
rNeg     + . .     Faith    .   a - +0 robe
rPois    ∞         Spirit   .   (no helmet)
rElec    +         Reflect  .   (no cloak)
rCorr    .         Harm     .   (no gloves)
MR       .....                  (no boots)
Stlth    +.........             (no amulet)
HPRegen  0.06/turn              (no ring)
MPRegen  0.10/turn              (no ring)

@: confused
A: negative energy resistance 1, electricity resistance, unbreathing,
petrification resistance, rot immunity, AC +3
a: no special abilities


You were on level 2 of the Dungeon.
You were not hungry.

You visited 1 branch of the dungeon, and saw 2 of its levels.

You collected 27 gold pieces.

Inventory:

Hand Weapons
 d - a +0 dagger
 j - a +0 mace (weapon)
Armour
 a - a +0 robe (worn)
 o - a +0 shield
Jewellery
 k - an uncursed ring of protection from magic {unknown}
 m - an uncursed amulet of rage {unknown}
Scrolls
 h - a scroll of fear {unknown}
 i - a scroll of fog {unknown}
 l - a scroll of teleportation {unknown}
 p - a scroll of remove curse {unknown}
Potions
 b - 2 potions of curing {unknown}
 e - a potion of flight {unknown}
 g - a potion of agility {unknown}
 n - a potion of might {unknown}
Comestibles
 c - 4 rations
 f - 3 chunks of flesh


   Skills:
 - Level 1.5 Dodging
 - Level 2.1 Stealth
 + Level 2.8 Spellcasting
   Level 1.1 Conjurations
 + Level 3.7 Ice Magic


You had 6 spell levels left.
You knew the following spells:

 Your Spells              Type           Power        Failure   Level  Hunger
a - Freeze                Ice            ##..         4%          1    #......

Your spell library contained the following spells:

 Spells                   Type           Power        Failure   Level  Hunger
 Throw Frost              Conj/Ice       #.....       11%         2    ##.....
 Ozocubu's Armour         Chrm/Ice       #.......     26%         3    ###....
 Throw Icicle             Conj/Ice       #.......     56%         4    #####..
 Summon Ice Beast         Ice/Summ       #.......     65%         4    #####..


Dungeon Overview and Level Annotations

Branches:
Dungeon (2/15)

Altars:

Annotations:
D:2 Sigmund


Innate Abilities, Weirdness & Mutations

You are resistant to torment.
Your stone body is resilient. (AC +3)
You are immune to poison.
You resist negative energy. (rN+)
You are resistant to electric shocks. (rElec)
You can survive without breathing.
You are immune to petrification.
You are immune to rotting.


Message History

Sigmund casts a spell at you.
You are more confused.
Sigmund points at you and mumbles some strange words.
You are more confused.
Sigmund points at you and mumbles some strange words.
The puff of flame hits you! Sigmund casts a spell at you.
The puff of flame misses you.
You're too confused to cast spells.
Sorry, you're not good enough to have a special ability.
Sigmund casts a spell.
Sigmund flickers and vanishes!
Deactivating autopickup; reactivate with Ctrl-A.
You bump into the rock wall.
Something hits you!
* * * LOW HITPOINT WARNING * * *
You bump into the rock wall.
Something hits you.
* * * LOW HITPOINT WARNING * * *
You bump into the rock wall.
You hit something but do no damage. Something hits you.
You die...

#....................
.......#...........#
.......#...#).÷....# ..
..........#.......######......
.#......##.......#...........
...... #....†(.#...........
...... #.......#...........
.... #...{...............
#..@................
#####................
...............)...(..
..........#......(....
.............)........
......................
....................#.
....####............#. ....
#..............#.


There were no monsters in sight!

Vanquished Creatures
  An ooze (D:1)
  A dart slug (D:1)
  5 bats (D:1)
  2 giant cockroaches (D:1)
  3 goblins
  6 hobgoblins
  3 frilled lizards
  3 kobolds (D:2)
  4 rats
28 creatures vanquished.

Notes
Turn   | Place    | Note
-------+----------+-------------------------------------------
     0 | D:1      | Holzbalken the Gargoyle Ice Elementalist began the quest
                  | for the Orb.
     0 | D:1      | Reached XP level 1. HP: 10/10 MP: 3/3
   327 | D:1      | Reached XP level 2. HP: 15/15 MP: 1/5
   663 | D:1      | Reached XP level 3. HP: 12/19 MP: 1/6
  1216 | D:2      | Noticed Sigmund
  1244 | D:2      | Slain by Sigmund

Levels and vault maps discovered:
D:1:      psy_arrival_fountain, layout_basic
D:2:      layout_basic, lemuel_doored_altar, uniq_sigmund

Action                   || total
-------------------------++-------
Melee: Dagger            ||     4
       Mace              ||     3
 Cast: Freeze            ||    47
  Eat: Chunk             ||     1
Armor: Robe              ||    19
Dodge: Dodged            ||    32

Table legend:
 A = Non-vault XP
 B = Vault XP
 C = Vault XP percentage of total XP
 D = Non-vault monster count
 E = Vault monster count
 F = Vault count percentage of total count
                 A         B        C        D         E       F
            +---------+---------+-------+---------+---------+-------
      Total |      50 |       0 |   0.0 |      28 |       0 |   0.0
            +---------+---------+-------+---------+---------+-------
        D:1 |      39 |       0 |   0.0 |      20 |       0 |   0.0
        D:2 |      11 |       0 |   0.0 |       8 |       0 |   0.0
            +---------+---------+-------+---------+---------+-------
